[Event "3rd Sharjah Masters 2019"]
[Site "Sharjah"]
[Date "2019.03.26"]
[Round "5.42"]
[White "Rathnakaran, K.."]
[Black "Singgih, Diajeng Theresa"]
[Result "1-0"]
[ECO "C77"]
[WhiteElo "2361"]
[BlackElo "2164"]
[Annotator "NA"]
[PlyCount "157"]
[EventDate "2019.03.22"]
[EventType "swiss"]
[EventCountry "UAE"]
[SourceTitle "playchess.com"]
[Source "ChessBase"]
[SourceQuality "1"]
[TimeControl "5400+30"]

1. e4 e5 2. Nf3 Nc6 3. Bb5 a6 4. Ba4 Nf6 5. Qe2 b5 6. Bb3 Be7 7. d4 d6 8. c3 exd4 9. cxd4 O-O 10. O-O Re8 11. a4 Bb7 12. Ng5 d5 13. e5 Nxd4 14. Qd3 Nxb3 15. exf6 Bxf6 16. Qxh7+ Kf8 17. Ra3 Nxc1 18. Qh8+ Ke7 19. Re3+ Kd7 20. Qh3+ Kc6 21. Nxf7 Qc8 22. Rxc1+ Kb6 23. Qg3 Rxe3 24. fxe3 c6 25. Ne5 c5 26. b4 c4 27. Nd3 Qb8 28. Nf4 g5 29. Nxd5+ Bxd5 30. Qf2 Qh8 31. Rd1 Be5 32. e4+ Kb7 33. Rxd5 Rf8 34. Rd7+ Kc8 35. Rf7 Rxf7 36. Qxf7 Qxh2+ 37. Kf1 Qf4+ 38. Qxf4 gxf4 39. axb5 axb5 40. Na3 Bd6 41. Nxb5 Bxb4 42. Ke2 Kb7 43. Kf3 Kb6 44. Nd4 Bd2 45. e5 Kc5 46. Ke4 Be3 47. Ne2 Bd2 48. e6 Kd6 49. Kf5 Ke7 50. Ke5 c3 51. Nd4 Be3 52. Nc2 Bc5 53. Kd5 Be3 54. Nb4 Bg1 55. Ke5 Bh2 56. Nd5+ Ke8 57. e7 f3+ 58. Ke6 Be5 59. Kxe5 Kd7 60. Kf6 f2 61. Ne3 Ke8 62. Ke6 f1=Q 63. Nxf1 c2 64. Ne3 c1=Q 65. Nf5 Qc8+ 66. Ke5 Kd7 67. g4 Qh8+ 68. Kf4 Qf6 69. Ke4 Qg6 70. Kf4 Qf7 71. Ke4 Kc6 72. Ke5 Qg6 73. Kf4 Kd5 74. Kg3 Ke4 75. e8=Q+ Qxe8 76. Nd6+ Ke5 77. Nxe8 Ke6 78. Kf4 Kf7 79. Nd6+ 1-0

[Event "3rd Sharjah Masters 2019"]
[Site "Sharjah"]
[Date "2019.03.26"]
[Round "5.43"]
[White "Gokhale, Chandrashekhar"]
[Black "Fenil, Shah"]
[Result "0-1"]
[ECO "A04"]
[WhiteElo "2185"]
[BlackElo "2360"]
[Annotator "NA"]
[PlyCount "52"]
[EventDate "2019.03.22"]
[EventType "swiss"]
[EventCountry "UAE"]
[SourceTitle "playchess.com"]
[Source "ChessBase"]
[SourceQuality "1"]
[TimeControl "5400+30"]

1. Nf3 c5 2. g3 Nc6 3. Bg2 g6 4. O-O Bg7 5. d3 e5 6. e4 Nge7 7. c3 O-O 8. Nbd2 d6 9. a3 h6 10. b4 Be6 11. Rb1 Qd7 12. Re1 b6 13. Bb2 f5 14. Nf1 Rad8 15. h4 Rf7 16. N3h2 Rdf8 17. f3 f4 18. Bc1 h5 19. b5 Na5 20. c4 Bf6 21. gxf4 Bxh4 22. Re2 exf4 23. Bb2 Bf6 24. Bxf6 Rxf6 25. e5 dxe5 26. Rxe5 Qd4+ 0-1

[Event "3rd Sharjah Masters 2019"]
[Site "Sharjah"]
[Date "2019.03.26"]
[Round "5.44"]
[White "Chekh Adm Khedr, Aram"]
[Black "Priyanka Nutakki"]
[Result "0-1"]
[ECO "C07"]
[WhiteElo "2155"]
[BlackElo "2297"]
[Annotator "NA"]
[PlyCount "64"]
[EventDate "2019.03.22"]
[EventType "swiss"]
[EventCountry "UAE"]
[SourceTitle "playchess.com"]
[Source "ChessBase"]
[SourceQuality "1"]
[TimeControl "5400+30"]

1. e4 e6 2. d4 d5 3. Nd2 c5 4. Ngf3 cxd4 5. exd5 Qxd5 6. Bc4 Qd7 7. O-O Nc6 8. Nb3 a6 9. a4 Nf6 10. Nbxd4 Nxd4 11. Nxd4 Qc7 12. Bd3 Bd6 13. h3 O-O 14. Re1 Rd8 15. Nf3 h6 16. Qe2 Bd7 17. Ne5 Rac8 18. Bd2 Bc6 19. Ng4 Qe7 20. Ne5 Nd7 21. Nxc6 Rxc6 22. Be4 Rc7 23. Ba5 b6 24. Bc3 Nc5 25. Qg4 f5 26. Bxf5 exf5 27. Qxf5 Qf7 28. Qg4 Rf8 29. Re2 Re7 30. Rae1 Re4 31. Qxg7+ Qxg7 32. Rxe4 Qf7 0-1

[Event "3rd Sharjah Masters 2019"]
[Site "Sharjah"]
[Date "2019.03.26"]
[Round "5.46"]
[White "Thrish, Karthik"]
[Black "Amdouni, Zoubaier"]
[Result "0-1"]
[ECO "A06"]
[WhiteElo "2096"]
[BlackElo "2275"]
[Annotator "NA"]
[PlyCount "69"]
[EventDate "2019.03.22"]
[EventType "swiss"]
[EventCountry "UAE"]
[SourceTitle "playchess.com"]
[Source "ChessBase"]
[SourceQuality "1"]
[TimeControl "5400+30"]

1. Nf3 d5 2. e3 Nf6 3. c4 e6 4. b3 Nbd7 5. Bb2 Bd6 6. d4 c6 7. Nbd2 Qe7 8. Ne5 Ba3 9. Bxa3 Qxa3 10. Nxd7 Nxd7 11. Bd3 O-O 12. O-O Qd6 13. Qc2 h6 14. Rfd1 b6 15. cxd5 exd5 16. e4 Bb7 17. e5 Qe7 18. Nf3 Rad8 19. Re1 Nb8 20. e6 fxe6 21. Ne5 Qf6 22. Bh7+ Kh8 23. Ng6+ Kxh7 24. Nxf8+ Kg8 25. Nxe6 Re8 26. Ng5 Rxe1+ 27. Rxe1 Qxg5 28. Re8+ Kf7 29. Rxb8 Ba6 30. Qxc6 Qf5 31. Qe8+ Kf6 32. Qf8+ Kg6 33. Qxf5+ Kxf5 34. Re8 Kf6 35. Re5 0-1

[Event "3rd Sharjah Masters 2019"]
[Site "Sharjah"]
[Date "2019.03.26"]
[Round "5.47"]
[White "Mihoubi, Saad"]
[Black "Mullick, Raahil"]
[Result "0-1"]
[ECO "A48"]
[WhiteElo "2088"]
[BlackElo "2275"]
[Annotator "NA"]
[PlyCount "123"]
[EventDate "2019.03.22"]
[EventType "swiss"]
[EventCountry "UAE"]
[SourceTitle "playchess.com"]
[Source "ChessBase"]
[SourceQuality "1"]
[TimeControl "5400+30"]

1. d4 Nf6 2. Nf3 g6 3. e3 Bg7 4. c4 O-O 5. Nc3 d6 6. Be2 Nbd7 7. O-O e5 8. Qc2 Qe7 9. b3 Re8 10. Bb2 e4 11. Nd2 Nf8 12. Nd5 Nxd5 13. cxd5 Bf5 14. Rfc1 Rac8 15. b4 h5 16. b5 g5 17. a4 Bg6 18. Ra3 Nd7 19. Nc4 b6 20. Qb3 f5 21. a5 f4 22. axb6 axb6 23. Ra7 f3 24. gxf3 exf3 25. Bxf3 Rf8 26. Bg2 g4 27. Nd2 Qf6 28. Rf1 Bh6 29. Qc3 Rf7 30. f4 gxf3 31. Nxf3 Re8 32. Ne5 Qh4 33. Nxg6 Rxf1+ 34. Kxf1 Qg4 35. e4 Qxg6 36. Rxc7 Rf8+ 37. Kg1 h4 38. Rxd7 Qg4 39. Qe1 h3 40. Qg3 Be3+ 41. Kh1 hxg2+ 42. Qxg2 Qxg2+ 43. Kxg2 Rf2+ 44. Kg3 Rxb2 45. Rxd6 Bxd4 46. Re6 Kf7 47. Kf4 Rxb5 48. Rc6 Rb2 49. Rc7+ Kf6 50. Rc6+ Ke7 51. Rc7+ Kd6 52. Rc6+ Kd7 53. e5 Rxh2 54. e6+ Ke7 55. Rc7+ Kf6 56. Rf7+ Kg6 57. Rb7 Re2 58. Rb8 Be5+ 59. Kf3 Bxb8 60. Kxe2 Bd6 61. Kd3 b5 62. Kd4 0-1

[Event "3rd Sharjah Masters 2019"]
[Site "Sharjah"]
[Date "2019.03.27"]
[Round "6.21"]
[White "Debashis, Das"]
[Black "Dhulipalla Bala Chandra Prasa"]
[Result "1/2-1/2"]
[ECO "C55"]
[WhiteElo "2532"]
[BlackElo "2384"]
[Annotator "ChessBase"]
[PlyCount "71"]
[EventDate "2019.03.22"]
[EventType "swiss"]
[EventCountry "UAE"]
[SourceTitle "playchess.com"]
[Source "ChessBase"]
[SourceQuality "1"]
[TimeControl "5400+30"]

1. e4 e5 2. Nf3 Nc6 3. Bc4 Nf6 4. d3 Be7 5. O-O O-O 6. Re1 d6 7. a4 Be6 8. Nbd2 Qd7 9. Nf1 Rfe8 10. Bg5 Bxc4 11. dxc4 Nd8 12. Bxf6 Bxf6 13. Ne3 Ne6 14. c3 Rad8 15. a5 g6 16. a6 b6 17. b4 Bg7 18. Qc2 c6 19. Red1 Qc8 20. Nd2 Bh6 21. Ndf1 Nc7 22. Qe2 Qe6 23. Qd3 Qc8 24. Ra2 Ne6 25. Qb1 Rd7 26. Qb3 Red8 27. Kh1 Ng5 28. Qb1 Ne6 29. Qb3 Ng5 30. f3 Ne6 31. Ng4 Bg5 32. Nf2 h5 33. Nh3 Bh6 34. Nf2 Bg5 35. Nh3 Bh6 36. Nf2 1/2-1/2

[Event "3rd Sharjah Masters 2019"]
[Site "Sharjah"]
[Date "2019.03.27"]
[Round "6.34"]
[White "Tissir, Mohamed"]
[Black "Thrish, Karthik"]
[Result "1/2-1/2"]
[ECO "C41"]
[WhiteElo "2386"]
[BlackElo "2096"]
[Annotator "NA"]
[PlyCount "35"]
[EventDate "2019.03.22"]
[EventType "swiss"]
[EventCountry "UAE"]
[SourceTitle "playchess.com"]
[Source "ChessBase"]
[SourceQuality "1"]
[TimeControl "5400+30"]

1. e4 e5 2. Nf3 d6 3. d4 exd4 4. Nxd4 Nf6 5. Nc3 Be7 6. Bc4 O-O 7. O-O c6 8. Re1 Re8 9. Bf4 Bf8 10. a4 a5 11. h3 Nbd7 12. Ba2 Ne5 13. Nf3 Nxf3+ 14. Qxf3 Be6 15. Bxe6 Rxe6 16. Re2 Nd7 17. Rd1 Qf6 18. Bg3 1/2-1/2

[Event "3rd Sharjah Masters 2019"]
[Site "Sharjah"]
[Date "2019.03.27"]
[Round "6.35"]
[White "Pranav Vijay"]
[Black "Zaibi, Amir"]
[Result "1-0"]
[ECO "B31"]
[WhiteElo "2265"]
[BlackElo "2386"]
[Annotator "NA"]
[PlyCount "47"]
[EventDate "2019.03.22"]
[EventType "swiss"]
[EventCountry "UAE"]
[SourceTitle "playchess.com"]
[Source "ChessBase"]
[SourceQuality "1"]
[TimeControl "5400+30"]

1. e4 c5 2. Nf3 Nc6 3. Bb5 g6 4. O-O Bg7 5. Re1 e5 6. Bxc6 dxc6 7. d3 Qc7 8. Nbd2 h6 9. Nc4 Be6 10. Bd2 Rd8 11. Qe2 Nf6 12. Nfxe5 Nh5 13. Nf3 Bxc4 14. dxc4 Bxb2 15. Rab1 Bf6 16. e5 Be7 17. e6 Bf6 18. Qe3 Qe7 19. g4 Ng7 20. exf7+ Kxf7 21. Qxe7+ Bxe7 22. Rxb7 Rhe8 23. Bxh6 Ne6 24. Ng5+ 1-0

[Event "3rd Sharjah Masters 2019"]
[Site "Sharjah"]
[Date "2019.03.27"]
[Round "6.36"]
[White "Saurabh Anand"]
[Black "Gokhale, Anupama"]
[Result "1-0"]
[ECO "B12"]
[WhiteElo "2385"]
[BlackElo "1994"]
[Annotator "NA"]
[PlyCount "67"]
[EventDate "2019.03.22"]
[EventType "swiss"]
[EventCountry "UAE"]
[SourceTitle "playchess.com"]
[Source "ChessBase"]
[SourceQuality "1"]
[TimeControl "5400+30"]

1. e4 c6 2. d4 d5 3. e5 Bf5 4. h4 h5 5. c4 e6 6. Nc3 Ne7 7. Bg5 Nd7 8. cxd5 exd5 9. Nge2 Qb6 10. Qd2 Be6 11. Ng3 Nf5 12. Nxf5 Bxf5 13. Bd3 Bxd3 14. Qxd3 Bb4 15. O-O Nf8 16. Ne2 Ne6 17. a3 Bf8 18. f4 Qc7 19. b4 b5 20. Rac1 a5 21. f5 Nxg5 22. hxg5 axb4 23. axb4 Bxb4 24. Nf4 Qb6 25. f6 gxf6 26. e6 O-O-O 27. exf7 fxg5 28. Ne6 Kb7 29. Nxd8+ Rxd8 30. Rf6 Rc8 31. Kh1 Bf8 32. Re6 b4 33. Re8 Qc7 34. Ra1 1-0

[Event "3rd Sharjah Masters 2019"]
[Site "Sharjah"]
[Date "2019.03.27"]
[Round "6.37"]
[White "Sapaev, Maksad"]
[Black "Rathnakaran, K.."]
[Result "0-1"]
[ECO "B06"]
[WhiteElo "2214"]
[BlackElo "2361"]
[Annotator "NA"]
[PlyCount "88"]
[EventDate "2019.03.22"]
[EventType "swiss"]
[EventCountry "UAE"]
[SourceTitle "playchess.com"]
[Source "ChessBase"]
[SourceQuality "1"]
[TimeControl "5400+30"]

1. e4 g6 2. d4 d6 3. Nc3 c6 4. Be3 b5 5. Qd2 a6 6. f3 Bb7 7. h4 Nd7 8. h5 Bg7 9. a4 Qc7 10. axb5 cxb5 11. Bd3 Ngf6 12. g4 Nb6 13. b3 Nfd7 14. Nce2 e5 15. d5 f5 16. Bxb6 Nxb6 17. hxg6 hxg6 18. Rxh8+ Bxh8 19. gxf5 gxf5 20. Qg5 Qf7 21. Ng3 Bc8 22. exf5 Bf6 23. Qg4 Ke7 24. c4 Bd7 25. Qe4 bxc4 26. Bxc4 Rg8 27. N1e2 Qh7 28. Kd2 Qh2 29. Rh1 Qf2 30. Rh7+ Kd8 31. Nh5 Bg5+ 32. Kd1 Nxc4 33. Rxd7+ Kxd7 34. bxc4 Rb8 35. Nhg3 Rb2 36. Qd3 Rd2+ 37. Qxd2 Bxd2 38. Kxd2 Qxf3 39. f6 a5 40. f7 Ke7 41. c5 dxc5 42. d6+ Kxf7 43. Kc2 Ke6 44. Nc3 Qxg3 0-1

[Event "3rd Sharjah Masters 2019"]
[Site "Sharjah"]
[Date "2019.03.27"]
[Round "6.38"]
[White "Fenil, Shah"]
[Black "Dr., Murtaza Ali"]
[Result "1-0"]
[ECO "D02"]
[WhiteElo "2360"]
[BlackElo "2084"]
[Annotator "NA"]
[PlyCount "69"]
[EventDate "2019.03.22"]
[EventType "swiss"]
[EventCountry "UAE"]
[SourceTitle "playchess.com"]
[Source "ChessBase"]
[SourceQuality "1"]
[TimeControl "5400+30"]

1. d4 d5 2. Nf3 Nf6 3. Bf4 e6 4. e3 Bd6 5. Bg3 O-O 6. Bd3 b6 7. Nbd2 Bb7 8. c3 c5 9. Qe2 Ne4 10. Rd1 c4 11. Bb1 f5 12. Nxe4 fxe4 13. Ne5 Bxe5 14. Bxe5 Nd7 15. Bg3 Qg5 16. f3 b5 17. O-O Nf6 18. Be5 Nd7 19. Bd6 Rf7 20. fxe4 Rxf1+ 21. Rxf1 dxe4 22. Rf4 h5 23. Qf2 Nf6 24. Be7 Kf7 25. Bxf6 gxf6 26. Bxe4 Bxe4 27. Rxe4 Rg8 28. Rf4 Qg6 29. e4 Re8 30. h3 a6 31. e5 f5 32. d5 exd5 33. Rxf5+ Kg7 34. Qf4 Kh7 35. Rf6 1-0

[Event "3rd Sharjah Masters 2019"]
[Site "Sharjah"]
[Date "2019.03.27"]
[Round "6.41"]
[White "Paramzina, Anastasya"]
[Black "Nasanjargal, Urtnasan"]
[Result "0-1"]
[ECO "B06"]
[WhiteElo "2196"]
[BlackElo "2503"]
[Annotator "RC"]
[PlyCount "130"]
[EventDate "2019.03.22"]
[EventType "swiss"]
[EventCountry "UAE"]
[SourceTitle "playchess.com"]
[Source "ChessBase"]
[SourceQuality "1"]
[TimeControl "5400+30"]

1. e4 g6 2. d4 Bg7 3. c3 d6 4. Bc4 Nf6 5. Qe2 O-O 6. Nf3 Nc6 7. O-O e5 8. dxe5 dxe5 9. b4 a6 10. a4 Nh5 11. Rd1 Qe8 12. Ba3 Nf4 13. Qf1 Be6 14. b5 Bxc4 15. Qxc4 axb5 16. axb5 Na5 17. Qa2 Qc8 18. h3 Rd8 19. Rxd8+ Qxd8 20. Kh2 Qd3 21. Nbd2 Qxb5 22. Bb4 b6 23. Nc4 Bf6 24. Bxa5 bxa5 25. Nxa5 c6 26. Nd2 Bd8 27. Ndc4 Ne6 28. Qd2 Bxa5 29. Nxa5 Nc5 30. c4 Qb6 31. f3 Ne6 32. Nb3 Rxa1 33. Nxa1 Nd4 34. Qa2 Qc5 35. Kg3 Kg7 36. h4 Qb4 37. Kf2 h5 38. Ke3 Qc3+ 39. Kf2 c5 40. Kf1 Qc1+ 41. Kf2 Qc3 42. Kf1 Qe3 43. Qb1 Qe2+ 44. Kg1 Qxc4 45. Kh2 Qe2 46. Qb8 Nxf3+ 47. Kg3 Ne1 48. Qxe5+ Kh7 49. Qc3 Qxe4 50. Kf2 Nd3+ 51. Kg1 Qe3+ 52. Kh2 Qf4+ 53. Kg1 Qf2+ 54. Kh2 Qxh4+ 55. Kg1 Qf2+ 56. Kh2 Nf4 57. Qg3 Qxg3+ 58. Kxg3 g5 59. Kf3 f5 60. g3 Ne6 61. Nc2 Kg6 62. Ke3 g4 63. Ne1 Kg5 64. Ng2 c4 65. Kd2 Nc5 0-1

[Event "3rd Sharjah Masters 2019"]
[Site "Sharjah"]
[Date "2019.03.27"]
[Round "6.46"]
[White "Nitin, S.."]
[Black "Bommini, Mounika Akshaya"]
[Result "1-0"]
[ECO "A06"]
[WhiteElo "2408"]
[BlackElo "2076"]
[Annotator "NA"]
[PlyCount "93"]
[EventDate "2019.03.22"]
[EventType "swiss"]
[EventCountry "UAE"]
[SourceTitle "playchess.com"]
[Source "ChessBase"]
[SourceQuality "1"]
[TimeControl "5400+30"]

1. Nf3 d5 2. g3 Bg4 3. Bg2 Nd7 4. O-O c6 5. h3 {[%emt 0:00:41] LiveBook: 130 Games} Bh5 $11 6. d3 Ngf6 7. Qe1 e5 8. e4 dxe4 9. dxe4 Bc5 10. Nbd2 O-O 11. a4 Re8 12. Nh4 Nf8 13. Nb3 Be7 14. Nf5 Ne6 15. Nxe7+ Qxe7 16. Qc3 Qc7 17. f4 exf4 18. gxf4 Rad8 19. Bd2 c5 20. Be3 b6 21. Rae1 Qd7 22. Qc4 a6 23. f5 Nf8 24. Bf4 b5 25. axb5 axb5 26. Qxc5 Rc8 27. Qf2 Rc4 28. Bg3 Qc8 29. Nd4 Qc5 30. c3 b4 31. e5 Nd5 32. Nb3 Qxf2+ 33. Rxf2 Nb6 34. Nd2 Rc5 35. cxb4 Rc2 36. Ne4 Rxf2 37. Kxf2 Rc8 38. Nc5 Nfd7 39. Rc1 Na4 40. Ke3 Naxc5 41. bxc5 Rxc5 42. Rxc5 Nxc5 43. b4 Nd7 44. Bc6 Nb6 45. Kd4 Bd1 46. Kc5 Na4+ 47. Kd6 1-0

[Event "3rd Sharjah Masters 2019"]
[Site "Sharjah"]
[Date "2019.03.27"]
[Round "6.47"]
[White "Mrudul, Dehankar"]
[Black "Assaubayeva, Bibisara"]
[Result "0-1"]
[ECO "A45"]
[WhiteElo "2078"]
[BlackElo "2376"]
[Annotator "NA"]
[PlyCount "74"]
[EventDate "2019.03.22"]
[EventType "swiss"]
[EventCountry "UAE"]
[SourceTitle "playchess.com"]
[Source "ChessBase"]
[SourceQuality "1"]
[TimeControl "5400+30"]

1. d4 Nf6 2. Bf4 c5 3. d5 b5 4. a4 Bb7 5. axb5 Nxd5 6. Bg3 d6 7. e3 g6 8. Nf3 Bg7 9. c3 Nd7 10. Be2 O-O 11. O-O N7f6 12. Nbd2 Qd7 13. Qc2 Nc7 14. Ra5 a6 15. bxa6 Nxa6 16. Rfa1 Nc7 17. Nc4 Rxa5 18. Rxa5 Be4 19. Qb3 Ne6 20. Nfd2 Bc6 21. Qa3 Rb8 22. Ra7 Qd8 23. Na5 Ba8 24. Bf3 Bxf3 25. Nxf3 Qe8 26. Nc4 Ne4 27. Qa6 Bxc3 28. Rb7 Rxb7 29. Qxb7 Qa4 30. h4 Qxc4 31. bxc3 Nxg3 32. fxg3 Qxc3 33. Qxe7 Qxe3+ 34. Kh2 Qd3 35. Ng5 Nxg5 36. hxg5 Qd4 37. Qd8+ Kg7 0-1

[Event "3rd Sharjah Masters 2019"]
[Site "Sharjah"]
[Date "2019.03.28"]
[Round "7.6"]
[White "Sjugirov, Sanan"]
[Black "Deepan, Chakkravarthy J."]
[Result "1/2-1/2"]
[ECO "C92"]
[WhiteElo "2667"]
[BlackElo "2534"]
[Annotator "RC"]
[PlyCount "81"]
[EventDate "2019.03.22"]
[EventType "swiss"]
[EventCountry "UAE"]
[SourceTitle "playchess.com"]
[Source "ChessBase"]
[SourceQuality "1"]
[TimeControl "5400+30"]

1. e4 e5 2. Nf3 Nc6 3. Bb5 a6 4. Ba4 Nf6 5. O-O Be7 6. Re1 b5 7. Bb3 d6 8. c3 O-O 9. h3 Re8 10. d4 Bb7 11. Nbd2 Bf8 12. Ng5 Re7 13. d5 Nb8 14. Nf1 h6 15. Nf3 Re8 16. Ng3 Nbd7 17. Nh2 Nc5 18. Bc2 c6 19. b4 Ncd7 20. dxc6 Bxc6 21. Ng4 Rc8 22. Bb3 Nxg4 23. hxg4 Nb6 24. g5 hxg5 25. Qh5 Nc4 26. Bxg5 Be7 27. Bxe7 Qxe7 28. Nf5 Qf6 29. Bxc4 bxc4 30. Rad1 g6 31. Qg4 d5 32. exd5 Ba4 33. Ne3 Bxd1 34. Rxd1 Red8 35. Nxc4 e4 36. Rd4 Qxd4 37. cxd4 Rxc4 38. Qxe4 Rxb4 39. d6 Rb6 40. d7 Re6 41. Qb7 1/2-1/2

[Event "3rd Sharjah Masters 2019"]
[Site "Sharjah"]
[Date "2019.03.28"]
[Round "7.19"]
[White "Kuybokarov, Temur"]
[Black "Koniahli, Malek."]
[Result "1-0"]
[ECO "E94"]
[WhiteElo "2519"]
[BlackElo "2294"]
[Annotator "RC"]
[PlyCount "49"]
[EventDate "2019.03.22"]
[EventType "swiss"]
[EventCountry "UAE"]
[SourceTitle "playchess.com"]
[Source "ChessBase"]
[SourceQuality "1"]
[TimeControl "5400+30"]

1. d4 Nf6 2. c4 g6 3. Nc3 Bg7 4. e4 d6 5. Nf3 O-O 6. Be2 e5 7. O-O Na6 8. Be3 Ng4 9. Bg5 Qe8 10. Rc1 h6 11. Bh4 c6 12. dxe5 dxe5 13. Qd6 Qe6 14. c5 Nf6 15. Bxa6 bxa6 16. Rfd1 Nh5 17. Qc7 Nf4 18. Bg3 Re8 19. b3 Bf8 20. Bxf4 exf4 21. Qxf4 Qg4 22. Qc7 Be6 23. h3 Qh5 24. Ne2 Rac8 25. Qg3 1-0

[Event "3rd Sharjah Masters 2019"]
[Site "Sharjah"]
[Date "2019.03.28"]
[Round "7.44"]
[White "Bouzidi, Ahmed"]
[Black "Sidhant, Mohapatra"]
[Result "0-1"]
[ECO "B22"]
[WhiteElo "2199"]
[BlackElo "2348"]
[Annotator "NA"]
[PlyCount "70"]
[EventDate "2019.03.22"]
[EventType "swiss"]
[EventCountry "UAE"]
[SourceTitle "playchess.com"]
[Source "ChessBase"]
[SourceQuality "1"]
[TimeControl "5400+30"]

1. e4 c5 2. c3 d6 3. d4 Nf6 4. Bd3 Nc6 5. Ne2 g6 6. f4 cxd4 7. cxd4 Bg7 8. Nbc3 O-O 9. h3 e5 10. fxe5 dxe5 11. d5 Nd4 12. Be3 Ne8 13. O-O Nd6 14. Bb1 Nc4 15. Bc1 Qb6 16. Nxd4 exd4 17. Na4 Qa5 18. Bd3 b5 19. Nc5 Qb6 20. b4 a5 21. Qb3 Ne3 22. Ba3 a4 23. Qb2 Nxf1 24. Rxf1 f5 25. Qc2 fxe4 26. Rxf8+ Bxf8 27. Bxe4 Qd6 28. Qd3 Qe5 29. Bb2 Bg7 30. Qxb5 Bf5 31. Qd3 Bxe4 32. Qxe4 Qxe4 33. Nxe4 a3 34. Bc1 Re8 35. Nd2 Re1+ 0-1

[Event "3rd Sharjah Masters 2019"]
[Site "Sharjah"]
[Date "2019.03.28"]
[Round "7.45"]
[White "Gokhale, Chandrashekhar"]
[Black "Shailesh, Dravid"]
[Result "1-0"]
[ECO "A48"]
[WhiteElo "2185"]
[BlackElo "2316"]
[Annotator "NA"]
[PlyCount "71"]
[EventDate "2019.03.22"]
[EventType "swiss"]
[EventCountry "UAE"]
[SourceTitle "playchess.com"]
[Source "ChessBase"]
[SourceQuality "1"]
[TimeControl "5400+30"]

1. Nf3 Nf6 2. d4 g6 3. Bf4 Bg7 4. e3 d6 5. h3 O-O 6. Be2 c5 7. c3 Nc6 8. O-O cxd4 9. exd4 Be6 10. Bd3 Qb6 11. Qe2 Bd5 12. Na3 e5 13. dxe5 dxe5 14. Be3 Bxf3 15. gxf3 Qc7 16. Rfd1 Rfe8 17. Nb5 Qe7 18. Bc4 Nh5 19. Nd6 Rf8 20. Ne4 Qh4 21. Kg2 Kh8 22. Bg5 Nf4+ 23. Bxf4 exf4 24. Nd6 h5 25. Rd5 Ne7 26. Rd2 Nf5 27. Nxf5 gxf5 28. Kh2 Rae8 29. Qd3 Bf6 30. Rg1 Re5 31. Re2 Rc5 32. Bd5 b5 33. b4 Rxc3 34. Qxf5 Rg8 35. Rxg8+ Kxg8 36. Qg6+ 1-0

[Event "3rd Sharjah Masters 2019"]
[Site "Sharjah"]
[Date "2019.03.28"]
[Round "7.46"]
[White "Ajay Karthikeyan"]
[Black "Ahmed, Fareed"]
[Result "0-1"]
[ECO "A45"]
[WhiteElo "2298"]
[BlackElo "1950"]
[Annotator "NA"]
[PlyCount "118"]
[EventDate "2019.03.22"]
[EventType "swiss"]
[EventCountry "UAE"]
[SourceTitle "playchess.com"]
[Source "ChessBase"]
[SourceQuality "1"]
[TimeControl "5400+30"]

1. d4 Nf6 2. Bf4 d5 3. e3 e6 4. Nf3 c5 5. c3 Be7 6. Nbd2 Nbd7 7. Ne5 Nxe5 8. dxe5 Nd7 9. Bd3 g5 10. Bg3 h5 11. h4 gxh4 12. Bf4 Qc7 13. Nf3 b6 14. Nxh4 Bb7 15. Nf3 O-O-O 16. Qe2 c4 17. Bc2 b5 18. Ng5 Bxg5 19. Bxg5 Rdg8 20. f4 Rxg5 21. fxg5 Qxe5 22. O-O-O Qxg5 23. Kb1 f5 24. Qd2 Rg8 25. Qd4 Kb8 26. Rdg1 e5 27. Qh4 Nf6 28. Qxg5 Rxg5 29. Kc1 Ng4 30. Kd2 f4 31. exf4 exf4 32. Bd1 Kc7 33. Bxg4 hxg4 34. Rh7+ Kb6 35. Rf7 Bc8 36. Rxf4 Bf5 37. Ke3 Kc5 38. b4+ cxb3 39. axb3 Be4 40. Rf6 a5 41. Kf4 Rg7 42. Ra6 Bc2 43. Rxa5 Bxb3 44. Ra8 Kc4 45. Rc8+ Kd3 46. Re1 Kd2 47. Ra1 Bc4 48. Ra3 Kc2 49. g3 Kb2 50. Ra5 Rb7 51. Kxg4 Kxc3 52. Kf4 d4 53. Ra1 Kb2 54. Rg1 d3 55. g4 Kc2 56. Rg2+ Kc3 57. Rd8 b4 58. g5 b3 59. g6 b2 0-1

[Event "3rd Sharjah Masters 2019"]
[Site "Sharjah"]
[Date "2019.03.28"]
[Round "7.47"]
[White "Amdouni, Zoubaier"]
[Black "Jinan, Jomon"]
[Result "1-0"]
[ECO "C24"]
[WhiteElo "2275"]
[BlackElo "1848"]
[Annotator "NA"]
[PlyCount "63"]
[EventDate "2019.03.22"]
[EventType "swiss"]
[EventCountry "UAE"]
[SourceTitle "playchess.com"]
[Source "ChessBase"]
[SourceQuality "1"]
[TimeControl "5400+30"]

1. e4 e5 2. Bc4 Nf6 3. d3 Bc5 4. Nc3 c6 5. Nf3 d6 6. O-O $11 b5 7. Bb3 a5 8. a4 b4 9. Ne2 O-O 10. Ng3 h6 11. c3 bxc3 12. bxc3 Re8 13. Re1 Bb6 14. h3 Nbd7 15. d4 Qc7 16. Ba3 d5 17. Rc1 exd4 18. cxd4 dxe4 19. Nf5 exf3 20. Rxe8+ Nxe8 21. Bxf7+ Kxf7 22. Qb3+ Kf6 23. Qxf3 Nc5 24. dxc5 Ba7 25. Nd6+ Kg6 26. Qe4+ Kh5 27. Qxe8+ g6 28. Qe2+ Kg5 29. Qe5+ Bf5 30. Ne4+ Kh5 31. Ng3+ Kg5 32. Qxc7 1-0

[Event "3rd Sharjah Masters 2019"]
[Site "Sharjah"]
[Date "2019.03.29"]
[Round "8.33"]
[White "Sapaev, Maksad"]
[Black "Zaibi, Amir"]
[Result "1-0"]
[ECO "B33"]
[WhiteElo "2214"]
[BlackElo "2386"]
[Annotator "NA"]
[PlyCount "89"]
[EventDate "2019.03.22"]
[EventType "swiss"]
[EventCountry "UAE"]
[SourceTitle "playchess.com"]
[Source "ChessBase"]
[SourceQuality "1"]
[TimeControl "5400+30"]

1. e4 c5 2. Nf3 Nc6 3. d4 cxd4 4. Nxd4 Nf6 5. Nc3 e6 6. Ndb5 Bb4 7. a3 Bxc3+ 8. Nxc3 d5 9. exd5 exd5 10. Bd3 O-O 11. O-O d4 12. Ne2 Bg4 13. f3 Bh5 14. Bg5 Bg6 15. f4 Qd6 16. f5 Bh5 17. Bf4 Qd5 18. h3 Bxe2 19. Qxe2 Rfe8 20. Qf2 Ne5 21. Bxe5 Rxe5 22. a4 Re3 23. Qh4 h6 24. a5 Rd8 25. a6 b6 26. Ra4 Qe5 27. Qf4 Qd5 28. Rc4 Nh5 29. Qg4 Rg3 30. Qe4 Qxe4 31. Bxe4 Re3 32. Bd3 Rd7 33. Rc8+ Kh7 34. f6+ g6 35. Bb5 Rd5 36. Bc4 Rf5 37. Rc7 Rxf1+ 38. Kxf1 Ng3+ 39. Kg1 h5 40. Rxf7+ Kh6 41. Re7 Nf5 42. f7 Rxe7 43. f8=Q+ Kg5 44. Bd3 Re1+ 45. Kf2 1-0

[Event "3rd Sharjah Masters 2019"]
[Site "Sharjah"]
[Date "2019.03.29"]
[Round "8.34"]
[White "Pranav Vijay"]
[Black "Saurabh Anand"]
[Result "1-0"]
[ECO "C77"]
[WhiteElo "2265"]
[BlackElo "2385"]
[Annotator "NA"]
[PlyCount "106"]
[EventDate "2019.03.22"]
[EventType "swiss"]
[EventCountry "UAE"]
[SourceTitle "playchess.com"]
[Source "ChessBase"]
[SourceQuality "1"]
[TimeControl "5400+30"]

1. e4 e5 2. Nf3 Nc6 3. Bb5 a6 4. Ba4 Nf6 5. Bxc6 dxc6 6. d3 Nd7 7. Nbd2 Bd6 8. O-O O-O 9. Nc4 f6 10. c3 Re8 11. Nh4 Nf8 12. Qf3 Be6 13. Nf5 Ng6 14. Be3 Ne7 15. Ng3 b5 16. Nxd6 cxd6 17. Nh5 Bf7 18. Qg4 Bxh5 19. Qxh5 d5 20. Rad1 Ng6 21. Qg4 Qd6 22. d4 dxe4 23. Qxe4 Rad8 24. g3 exd4 25. Qxd4 Qxd4 26. Rxd4 Ne5 27. Rxd8 Rxd8 28. Kg2 Nc4 29. Bc1 Rd3 30. Re1 Kf7 31. h3 h5 32. Kf1 h4 33. Ke2 Rd5 34. Rf1 Re5+ 35. Kd3 Rf5 36. gxh4 Rf3+ 37. Kd4 Rxh3 38. Kc5 Ne5 39. Kb6 Rxh4 40. b3 Rh3 41. Be3 Ke6 42. Kxa6 Kd5 43. Rd1+ Ke4 44. a4 bxa4 45. bxa4 c5 46. Kb5 f5 47. a5 f4 48. Bxc5 Rxc3 49. Rd4+ Kf3 50. a6 Nd3 51. Bd6 Nxf2 52. a7 Rc8 53. Bb8 Rxb8+ 1-0